 Dungeon Crawl Stone Soup version 0.17.0-28-g6e173f8 (webtiles) character file.

5203 coffecat the Basher (level 10, 0/144 HPs)
             Began as a Minotaur Berserker on Nov 29, 2015.
             Was an Elder of Trog.
             Slain by a basilisk (9 damage)
             ... on level 13 of the Dungeon.
             The game lasted 00:37:34 (8183 turns).

coffecat the Basher (Minotaur Berserker)            Turns: 8183, Time: 00:37:34

Health: 0/144      AC: -30   Str: 28    XL:     10   Next: 34%
Magic:  0/9        EV:  2    Int:  4    God:    Trog [****..]
Gold:   273        SH:  0    Dex: 12    Spells: 0 memorised, 9 levels left

rFire  . . .     SeeInvis .     s - +3 morningstar
rCold  . . .     Clarity  .     C - +1 chain mail
rNeg   + + +     SustAt   .     (no shield)
rPois  ∞         Gourm    .     (helmet restricted)
rElec  .         Spirit   +     (no cloak)
rCorr  .         Warding  .     (no gloves)
rMut   .         Stasis   .     (no boots)
MR     .....                    r - amulet of guardian spirit
Stlth  ..........               (no ring)
                                p - ring of stealth

@: berserking (expiring), lethally poisoned (0 -> 0), petrified, corroded
equipment, not resistant to hostile enchantments, extremely unstealthy
A: retaliatory headbutt, horns 2
a: Berserk, Trog's Hand, Brothers in Arms, Burn Spellbooks, Renounce Religion


You were on level 13 of the Dungeon.
You worshipped Trog.
Trog was greatly pleased with you.
You were not hungry.

You visited 1 branch of the dungeon, and saw 13 of its levels.

You collected 273 gold pieces.

Inventory:

Hand Weapons
 a - a +0 mace
 s - a +3 morningstar (weapon)
Armour
 C - a +1 chain mail (worn)
Jewellery
 f - an uncursed amulet of clarity
 n - an uncursed amulet of warding
 p - a ring of stealth (left hand)
 r - an amulet of guardian spirit (around neck)
Wands
 w - a wand of confusion (48)
Scrolls
 c - a scroll of fear {unknown}
 e - 4 scrolls of identify
 A - a scroll of recharging
Potions
 i - a potion of curing {unknown}
 j - a potion of cure mutation
 l - 2 potions of flight
 m - a potion of brilliance {unknown}
 o - a potion of beneficial mutation {unknown}
 q - a potion of magic {unknown}
 u - 2 potions of degeneration {unknown}
 x - 2 potions of ambrosia {unknown}
 B - 2 potions of poison {unknown}
Miscellaneous
 k - a plain deck of war
Comestibles
 b - 2 bread rations
 v - 3 chunks of flesh


   Skills:
 * Level 11.5 Fighting
 + Level 12.5 Maces & Flails
 - Level 2.4 Armour
 * Level 7.5 Dodging
 - Level 0.1 Stealth


You had 9 spell levels left.
You didn't know any spells.

Dungeon Overview and Level Annotations

Branches:
Dungeon (13/15)              Lair (0/8) D:10
 Temple: D:4-7          Orc: D:9-12      Vaults: D:13-14

Altars:
Nemelex Xobeh


Innate Abilities, Weirdness & Mutations

You reflexively headbutt those who attack you in melee.
You have a pair of horns on your head.


Message History

The shadow imp hits you.
* * * LOW HITPOINT WARNING * * *
The big kobold hits you with a dagger of speed.
* * * LOW HITPOINT WARNING * * *
The red devil hits you from afar with a trident!
* * * LOW HITPOINT WARNING * * *
The rust devil hits you!
* * * LOW HITPOINT WARNING * * *
The rust devil corrodes you! The basilisk gazes at you.
You resist with some effort.
The kobold demonologist hits you with a dagger.
* * * LOW HITPOINT WARNING * * *
The shadow imp laughs crazily.
The shadow imp hits you.
* * * LOW HITPOINT WARNING * * *
The big kobold hits you with a dagger of speed.
* * * LOW HITPOINT WARNING * * *
The basilisk bites you!!
You die...

# .# #######.##
. #........#
#.####.........
#../.#.354....#
#..5lK5....#
#.@KK....#
##4#######
#(### #(..#
###.# #.#
##'#### #.....#
#....<#


You could see a rust devil, a kobold demonologist, a basilisk, a chaos spawn, a
red devil, a big kobold, 2 shadow imps, an ufetubus and a kobold.

Vanquished Creatures
  A hill giant (D:10)
  A troll (D:9)
  A yak (D:9)
  A hungry ghost (D:9)
  Eustachio (D:5)
  A hippogriff (D:11)
  Grum (D:8)
  3 wolves (D:8)
  Duvessa (D:7)
  A black bear (D:9)
  A phantom (D:8)
  4 orc warriors
  An ice beast (D:9)
  3 sky beasts
  2 ogres
  A wasp (D:10)
  A necrophage (D:12)
  A crocodile (D:10)
  3 big kobolds
  A giant frog (D:10)
  2 scorpions
  Dowan (D:7)
  The ghost of coffecat the Skirmisher, a weakling MiBe of Trog (D:3)
  A killer bee (D:7)
  8 wights (D:9)
  A giant frog zombie (D:5)
  2 crimson imps
  2 orc priests
  A quasit (D:6)
  A hound (D:7)
  2 jellies
  A centaur skeleton (D:9)
  5 worker ants
  3 iguanas
  4 orc wizards
  A hound zombie (D:9)
  2 hound skeletons
  9 gnolls
  8 adders
  A shadow imp (D:7)
  An ooze (D:7)
  An adder skeleton (D:6)
  2 giant geckos
  37 orcs
  4 bats
  A giant cockroach (D:6)
  4 goblins
  3 hobgoblins
  25 kobolds
  2 quokkas
  A ball python (D:3)
  A giant gecko skeleton (D:5)
  4 giant newts
  4 jackals
  4 rats
180 creatures vanquished.

Vanquished Creatures (collateral kills)
  3 yaks (D:9)
  A big kobold (D:9)
  3 kobolds (D:9)
7 creatures vanquished.

Grand Total: 187 creatures vanquished

Notes
Turn   | Place    | Note
--------------------------------------------------------------
     0 | D:1      | coffecat the Minotaur Berserker began the quest for the Orb.
     0 | D:1      | Reached XP level 1. HP: 19/19 MP: 0/0
   232 | D:1      | Reached XP level 2. HP: 24/27 MP: 1/1
   234 | D:1      | Reached skill level 4 in Maces & Flails
   521 | D:2      | Reached ** piety under Trog
   524 | D:2      | Reached XP level 3. HP: 30/33 MP: 2/2
   617 | D:2      | Found a sparkling altar of Nemelex Xobeh.
   745 | D:3      | Noticed coffecat's ghost (weakling MiBe)
   760 | D:3      | Killed coffecat's ghost
   760 | D:3      | Reached XP level 4. HP: 35/41 MP: 3/3
   905 | D:3      | Reached skill level 5 in Maces & Flails
  1439 | D:4      | Reached XP level 5. HP: 9/47 MP: 4/4
  2120 | D:4      | Reached skill level 5 in Fighting
  2360 | D:5      | Entered Level 5 of the Dungeon
  2373 | D:5      | Reached skill level 6 in Maces & Flails
  2494 | D:5      | Noticed Eustachio
  2508 | D:5      | Reached XP level 6. HP: 37/56 MP: 5/5
  2513 | D:5      | Killed Eustachio
  2819 | D:6      | Reached skill level 7 in Maces & Flails
  2819 | D:6      | Reached XP level 7. HP: 23/63 MP: 6/6
  3343 | D:7      | Reached skill level 5 in Dodging
  3381 | D:7      | Reached *** piety under Trog
  4294 | D:7      | Reached XP level 8. HP: 73/73 MP: 7/7
  4353 | D:7      | Reached skill level 8 in Maces & Flails
  4403 | D:7      | Noticed Dowan
  4404 | D:7      | Noticed Duvessa
  4415 | D:7      | Killed Dowan
  4423 | D:7      | Killed Duvessa
  5319 | D:8      | Reached skill level 9 in Maces & Flails
  5420 | D:8      | Noticed Grum
  5435 | D:8      | Reached XP level 9. HP: 43/83 MP: 8/8
  5440 | D:8      | Killed Grum
  5440 | D:8      | Reached skill level 10 in Maces & Flails
  6087 | D:9      | Reached **** piety under Trog
  6106 | D:9      | Reached skill level 10 in Fighting
  6109 | D:9      | Reached skill level 11 in Maces & Flails
  6669 | D:9      | Reached XP level 10. HP: 52/94 MP: 9/9
  6871 | D:10     | Entered Level 10 of the Dungeon
  7011 | D:10     | Noticed a hill giant
  7022 | D:10     | Killed a hill giant
  7022 | D:10     | Reached skill level 12 in Maces & Flails
  7864 | D:10     | Found a staircase to the Lair.
  8170 | D:13     | Noticed a rust devil
  8183 | D:13     | Slain by a basilisk

Action                   |  1- 3 |  4- 6 |  7- 9 | 10-12 || total
-------------------------+-------+-------+-------+-------++-------
Melee: Mace              |    44 |    47 |       |       ||    91
       Morningstar       |       |    42 |   204 |    86 ||   332
Invok: Berserk           |     1 |     2 |     3 |     1 ||     7
       Trog's Hand       |       |     1 |       |       ||     1
       Burn Spellbooks   |       |       |     2 |       ||     2
       Brothers in Arms  |       |       |     1 |       ||     1
  Use: Scroll            |       |       |     7 |     6 ||    13
       Potion            |       |       |       |     4 ||     4
  Eat: Bread ration      |       |     2 |     2 |       ||     4
       Beef jerky        |       |     1 |       |       ||     1
       Meat ration       |       |       |     1 |       ||     1
       Chunk             |       |       |     4 |     6 ||    10
